 Dungeon Crawl Stone Soup version 0.30.1-11-g7821555f0a (webtiles) character file.

Game seed: 13556744991927682501

6448 comborobin the Protected (level 11, -5/90 HPs)
             Began as a Formicid Delver on Dec 16, 2023.
             Was a Priest of Cheibriados.
             Slain by a troll (10 damage)
             ... on level 10 of the Dungeon.
             The game lasted 00:09:54 (9343 turns).

comborobin the Protected (Formicid Delver)          Turns: 9343, Time: 00:09:55

Health: -5/90      AC: 28    Str: 32    XL:     11   Next: 18%
Magic:  11/11      EV: 11    Int: 22    God:    Cheibriados [***...]
Gold:   302        SH:  4    Dex: 27    Spells: 10/10 levels left

rFire   . . .        G - +7 staff of the Meek {protect, meekguard}
rCold   . . .        (no shield)
rNeg    . . .        h - +0 chain mail {Will+}
rPois   .            (helmet unavailable)
rElec   .            g - +0 cloak
rCorr   .            u - +0 pair of gloves
SInv    +            (no boots)
Will    ++...        B - amulet of faith
Stlth   +            i - +6 ring of intelligence
HPRegen 0.35/turn    A - +6 ring of dexterity
MPRegen 0.12/turn

%: faith
@: under a protective aura, very slow
A: permanent stasis, dig shafts and tunnels, antennae 3, four strong arms, large
bone plates 1, strong 1
a: Dig, Shaft Self, Renounce Religion, Bend Time, Temporal Distortion


You were on level 10 of the Dungeon.
You worshipped Cheibriados.
Cheibriados was most pleased with you.
You visited 2 branches of the dungeon, and saw 10 of its levels.

You collected 813 gold pieces.
You spent 511 gold pieces at shops.

Inventory:

Hand Weapons
 a - a +4 mace of venom
 b - a +2 dire flail of freezing
 d - a +0 mace
 v - a +1 heavy mace
 G - the +7 staff of the Meek (weapon) {protect, meekguard}
   (You found it on level 7 of the Dungeon)
Missiles
 y - 2 curare-tipped darts
Armour
 e - the +5 ring mail of Aceqelap {rElec rF- rC- Dex+6}
   (You found it on level 3 of the Dungeon)

   Dex:       It affects your dexterity (+6).
   rF:        It makes you vulnerable to fire.
   rC:        It makes you vulnerable to cold.
   rElec:     It insulates you from electricity.
 g - a +0 cloak (worn)
 h - a +0 chain mail of willpower (worn)
 u - a +0 pair of gloves (worn)
 D - a +0 leather armour
Jewellery
 i - a +6 ring of intelligence (left hand)
 k - a ring of ice
 q - an amulet of guardian spirit
 A - a +6 ring of dexterity (right hand)
 B - an amulet of faith (around neck)
 F - an amulet of reflection
 I - a +5 ring of evasion
 K - a ring of ice
Wands
 f - a wand of digging (6)
 j - a wand of polymorph (5)
 m - a wand of flame (20)
 H - a wand of mindburst (1)
Scrolls
 c - a scroll of fog
 o - 6 scrolls of poison
 p - a scroll of magic mapping
 w - a scroll of silence
 x - a scroll of amnesia
 z - a scroll of vulnerability
 E - 2 scrolls of enchant armour
 J - 3 scrolls of identify
Potions
 l - 2 potions of cancellation
 n - 3 potions of mutation
 r - a potion of attraction
 s - 4 potions of magic
 t - a potion of berserk rage
 C - 2 potions of curing


   Skills:
 - Level 10.0 Fighting
 + Level 10.1 Maces & Flails
 + Level 10.6 Armour
 - Level 1.7 Dodging
 - Level 6.0 Stealth
 + Level 1.1 Invocations


You had 10 spell levels left.
You didn't know any spells.
Your spell library contained the following spells:

 Spells                   Type           Power      Damage    Failure   Level
 Kiss of Death            Conj/Necr      0%         2d5       45%         1
 Ensorcelled Hibernation  Hex/Ice        0%         N/A       58%         2
 Confusing Touch          Hex            0%         N/A       83%         3
 Spider Form              Tmut/Pois      0%         N/A       83%         3
 Anguish                  Hex/Necr       0%         N/A       99%         4
 Dispel Undead            Necr           0%         3d6       99%         4


Dungeon Overview and Level Annotations

Branches:
Dungeon (10/15)            Temple (1/1) D:7            Lair (0/5) D:8
    Orc: D:9-12

Altars:
Ashenzari
Cheibriados
Elyvilon
Fedhas
Hepliaklqana
Makhleb
Nemelex Xobeh
Okawaru
Qazlal
Trog
Wu Jian
Yredelemnul
Zin
The Shining One

Shops:
D:2 [   D:7 ?(?

Annotations:
D:9 3 runed translucent doors, ChrisAssaf's ghost, novice DsIE


Innate Abilities, Weirdness & Mutations

You cannot be hasted, slowed, berserked, paralysed or teleported.
You can dig through walls and to a lower floor.
You have a pair of large antennae on your head. (SInv)
Your four strong arms can wield two-handed weapons with a shield.
You are partially covered in large bone plates. (SH +4)
Your muscles are strong. (Str +4, Int/Dex -1)


Message History

You block the centaur's attack.
The centaur kicks you but does no damage.
The troll bites you but does no damage.
The troll claws you but does no damage. x2
The centaur closely misses you. x2; The troll bites you but does no damage.
The troll completely misses you. The troll claws you!
You bludgeon the centaur!!
You kill the centaur!
Cheibriados appreciates the change of pace.
The troll bites you!
* * * LOW HITPOINT WARNING * * *
The troll closely misses you. The troll misses you.
The troll bites you but does no damage.
The troll claws you but does no damage. x2
You hit the troll.
The troll is almost dead.
You bludgeon the troll!!
You kill the troll!
Cheibriados appreciates the change of pace.
The troll bites you.
* * * LOW HITPOINT WARNING * * *
The troll claws you but does no damage. The troll barely misses you.
Training target 10.0 for Fighting reached!
Your Fighting skill increases to level 10!
Your Invocations skill increases to level 1!
You sock the troll!
The troll is moderately wounded.
The troll bites you!
* * * LOW HITPOINT WARNING * * *
The troll misses you. The troll claws you but does no damage.
You closely miss the troll.
The troll is moderately wounded.
The troll closely misses you.
The troll claws you but does no damage. x2
You hit the troll.
The troll is heavily wounded.
The troll bites you but does no damage.
The troll claws you but does no damage. x2
You closely miss the troll.
The troll is heavily wounded.
The troll bites you!
* * * LOW HITPOINT WARNING * * *
The troll claws you but does no damage. The troll claws you!
You die...

############. ######...
#### .............
...$..... ....
............. .........
.... .....########
#........ .### ###..#
#........ #..# #........
#..# #.T...... ##
###..###########@†....8.
..
.................)......
..
........................
..
#'#.################.###
#. #_#.######### # #.
###.......... #.
..>..)....... ..
............. ##
.............


You could see a troll.

Vanquished Creatures
  2 two-headed ogres (D:10)
  Pikel (D:9)
  A troll (D:10)
  Sigmund (D:2)
  3 yaks (D:10)
  Menkaure (D:5)
  A steam dragon (D:9)
  3 water moccasins
  9 orc warriors
  An ice beast (D:5)
  3 black bears
  3 sky beasts (D:7)
  2 ogres (D:6)
  A phantom (D:7)
  4 centaurs
  3 lemures (D:9)
  A kobold brigand (D:9)
  3 scorpions
  2 bullfrogs
  3 howler monkeys
  3 jellies
  4 hounds
  2 sleepcaps
  7 orc priests
  5 iguanas
  6 orc wizards
  9 adders
  A shadow imp (D:8)
  3 white imps
  An ufetubus (D:6)
  2 worms
  A dart slug (D:4)
  44 orcs
  3 bats
  5 endoplasms
  4 giant cockroaches
  4 goblins
  2 hobgoblins
  8 kobolds
  A ball python (D:3)
  2 rats (D:3)
165 creatures vanquished.

Notes
Turn   | Place    | Note
-------+----------+-------------------------------------------
     0 | D:5      | comborobin the Formicid Delver began the quest for the Orb.
     0 | D:5      | Reached XP level 1. HP: 18/18 MP: 1/1
   173 | D:3      | Reached XP level 2. HP: 24/24 MP: 2/2
   315 | D:3      | Reached XP level 3. HP: 29/29 MP: 3/3
   326 | D:3      | Reached XP level 4. HP: 16/35 MP: 4/4
   411 | D:3      | Found a faded altar of an unknown god.
   430 | D:3      | Reached XP level 5. HP: 35/41 MP: 5/5
   559 | D:3      | Identified the +5 ring mail of Aceqelap {rElec rF- rC-
                  | Dex+6}
   755 | D:3      | Reached skill level 5 in Maces & Flails
  1235 | D:4      | Reached XP level 6. HP: 42/47 MP: 6/6
  1693 | D:5      | Reached XP level 7. HP: 45/52 MP: 7/7
  1975 | D:5      | Found a basalt altar of Yredelemnul.
  1999 | D:5      | Found an iron altar of Okawaru.
  2416 | D:5      | Found a blossoming altar of Fedhas.
  2480 | D:5      | Reached XP level 8. HP: 44/58 MP: 8/8
  2798 | D:5      | Noticed Menkaure
  2808 | D:5      | Killed Menkaure
  3045 | D:6      | Reached skill level 10 in Maces & Flails
  3226 | D:6      | Reached skill level 1 in Armour
  3316 | D:6      | Reached XP level 9. HP: 64/64 MP: 9/9
  3612 | D:6      | Found a sparkling altar of Nemelex Xobeh.
  3814 | D:7      | Reached skill level 5 in Armour
  3941 | D:7      | Found a staircase to the Ecumenical Temple.
  3963 | D:7      | Reached skill level 5 in Fighting
  3970 | Temple   | Entered the Ecumenical Temple
  4109 | Temple   | Became a worshipper of Cheibriados the Contemplative
  4566 | D:2      | Noticed Sigmund
  4575 | D:2      | Killed Sigmund
  4648 | D:2      | Noticed an animated crystal plate armour
  4648 | D:2      | Noticed an animated crystal plate armour
  4651 | D:2      | Found Nexi Ebliu's Armour Boutique.
  5230 | D:7      | You fall into a shaft and drop 3 floors!
  5230 | D:10     | Entered Level 10 of the Dungeon
  5542 | D:8      | Reached * piety under Cheibriados
  5940 | D:8      | Found a staircase to the Lair.
  6242 | D:8      | Identified the +4 long sword "Juzantut" {flame, rC+}
  6556 | D:8      | Reached XP level 10. HP: 32/76 MP: 10/10
  6569 | D:8      | Gained mutation: Your muscles are strong. (Str +4, Int/Dex
                  | -1) [potion of mutation]
  6569 | D:8      | Gained mutation: You are partially covered in large bone
                  | plates. (SH +4) [potion of mutation]
  7288 | D:7      | Reached ** piety under Cheibriados
  7460 | D:7      | Found Nokeavoc's Magic Scroll Shop.
  7461 | D:7      | Found Vavvuos's Magic Scroll Shoppe.
  7462 | D:7      | Found Vontov's Weapon Shoppe.
  7466 | D:7      | Bought a scroll of enchant armour for 97 gold pieces
  7501 | D:7      | Bought a scroll of brand weapon for 123 gold pieces
  7502 | D:7      | Bought a scroll of enchant weapon for 97 gold pieces
  7502 | D:7      | Bought a scroll of enchant weapon for 97 gold pieces
  7502 | D:7      | Bought a scroll of enchant armour for 97 gold pieces
  7657 | D:7      | Found the +7 staff of the Meek {protect, meekguard}
  8235 | D:9      | Found a runed translucent gate.
  8235 | D:9      | Found a runed translucent gate.
  8235 | D:9      | Found a runed translucent gate.
  8237 | D:9      | Noticed a centaur warrior
  8237 | D:9      | Noticed a deep troll
  8237 | D:9      | Noticed ChrisAssaf's ghost (novice DsIE)
  8253 | D:9      | Reached *** piety under Cheibriados
  8370 | D:9      | Noticed Pikel
  8387 | D:9      | Found an ornate altar of the Wu Jian Council.
  8466 | D:9      | Killed Pikel
  8853 | D:10     | Noticed a two-headed ogre
  8857 | D:10     | Killed a two-headed ogre
  8941 | D:10     | Found a white marble altar of Elyvilon.
  9060 | D:10     | Reached skill level 10 in Armour
  9068 | D:10     | Reached XP level 11. HP: 65/89 MP: 11/11
  9162 | D:10     | Noticed a two-headed ogre
  9170 | D:10     | Killed a two-headed ogre
  9313 | D:10     | Found a bloodstained altar of Trog.
  9340 | D:10     | Reached skill level 10 in Fighting
  9340 | D:10     | Reached skill level 1 in Invocations
  9343 | D:10     | Slain by a troll

Illustrated notes

Levels and vault maps discovered:
D:2:      layout_basic, serial_shops, nicolae_shop_mannequins, uniq_sigmund
D:3:      layout_basic, chequers_ecumenical_altar_island, minmay_circle_x
D:4:      layout_basic
D:5:      layout_loops_corners, mainiacjoe_overflow_boulevard,
          mainiacjoe_overflow_brackets, mainiacjoe_overflow_alcove_1,
          nicolae_ossuary_entry_monument, uniq_menkaure
D:6:      layout_rooms, nemelex_altar_shiori, nicolae_figureground_sparkle
D:7:      layout_cave_pools, minmay_temple_entry_mist, nicolae_wooded_promenade,
          pf_guarded_unrand_meek
D:8:      layout_basic, lair_entry_dummy, special_room [special_room_orc]
D:9:      layout_basic, mainiacjoe_overflow_surrounded_room,
          gammafunk_ghost_split, corexii_corridor_pit, uniq_pikel
D:10:     layout_long_grid, lemuel_tele_altar, eat_drink_and_be_merry_uskayaw,
          nicolae_ru_path_of_blood, kennysheep_mini
Temple:   nicolae_temple_figure_eight

Skill      XL: |  1  2  3  4  5  6  7  8  9 10 11 |
---------------+----------------------------------+-----
Maces & Flails | 3 4 5 7 8 10 | 10.1
Armour         | 3 7 10 | 10.6
Fighting       | 6 9 10 | 10.0
Invocations    | 1 |  1.1
Dodging        | |  1.7
Stealth        | |  6.0

Action                     |  1- 3 |  4- 6 |  7- 9 | 10-12 || total
---------------------------+-------+-------+-------+-------++-------
  Melee: Mace              |    40 |    77 |   275 |    34 ||   426
         Punch             |       |     1 |     2 |     3 ||     6
         Quarterstaff      |       |       |       |    97 ||    97
         Dire flail        |       |       |       |    32 ||    32
Ability: Dig               |       |       |     1 |       ||     1
         Shaft Self        |       |       |     1 |       ||     1
    Use: Scroll            |     2 |     2 |    11 |     5 ||    20
         Potion            |       |       |     3 |     5 ||     8
   Stab: Distracted        |     1 |       |     2 |       ||     3
         Sleeping          |       |     6 |    15 |     1 ||    22
 Armour: Leather armour    |    15 |    10 |       |       ||    25
         Ring mail         |       |    33 |    83 |       ||   116
         Chain mail        |       |       |    53 |   255 ||   308
  Dodge: Dodged            |    30 |    56 |   167 |   194 ||   447
  Block: Other             |       |       |       |    65 ||    65
